 Dungeon Crawl Stone Soup version 0.27-a0-1595-g0b823d0a13 (webtiles) character file.

Game seed: 9248842886798323198

38 zazu2006 the Magician (level 3, -4/28 HPs)
             Began as a Naga Hedge Wizard on July 21, 2021.
             Killed from afar by Natasha (9 damage)
             ... with a magic dart
             ... on level 2 of the Dungeon.
             The game lasted 00:02:03 (1823 turns).

zazu2006 the Magician (Naga Hedge Wizard)           Turns: 1823, Time: 00:02:05

Health: -4/28      AC:  2    Str: 12    XL:     3   Next: 43%
Magic:  3/8        EV:  9    Int: 15    God:
Gold:   127        SH:  0    Dex: 10    Spells: 0/9 levels left

rFire    . . .     SeeInvis +   a - +0 dagger
rCold    . . .     Faith    .   (no shield)
rNeg     . . .     Spirit   .   n - +0 leather armour
rPois    +         Reflect  .   c - +0 hat
rElec    .         Harm     .   (no cloak)
rCorr    +         Rampage  .   (no gloves)
Will     .....                  (no barding)
Stlth    ++........             (no amulet)
HPRegen  0.09/turn              d - ring of resist corrosion
MPRegen  0.11/turn              (no ring)

@: short of breath, very slightly contaminated, slowed, very slow
A: AC +1, large, see invisible, deformed body, poison resistance, slowness 2,
spit poison 1, naga tail 1
a: Spit Poison


You were on level 2 of the Dungeon.
You visited 1 branch of the dungeon, and saw 2 of its levels.

You collected 127 gold pieces.

Inventory:

Hand Weapons
 a - a +0 dagger (weapon)
Missiles
 m - a throwing net
Armour
 c - a +0 hat (worn)
 n - a +0 leather armour (worn)
Jewellery
 d - a ring of resist corrosion (left hand)
 k - a ring of ice
Scrolls
 b - a scroll of silence {unknown}
 e - a scroll of enchant weapon {unknown}
 f - a scroll of torment {unknown}
 g - a scroll of magic mapping {unknown}
 i - a scroll of immolation {unknown}
 j - a scroll of identify {unknown}
Potions
 h - a potion of invisibility {unknown}
 l - a potion of haste {unknown}


   Skills:
 + Level 1.7 Dodging
 + Level 3.3 Stealth
 + Level 3.7 Spellcasting
 + Level 1.7 Conjurations
 + Level 1.0 Summonings
 + Level 1.0 Translocations


You couldn't memorise any spells.
You knew the following spells:

 Your Spells              Type           Power      Damage    Failure   Level
a - Magic Dart            Conj           32%        1d4       12%         1
b - Mephitic Cloud        Conj/Pois/Air  4%         N/A       50%         3
c - Conjure Flame         Conj/Fire      5%         6-21      45%         3
d - Blink                 Tloc           N/A        N/A       24%         2

Your spell library contained the following spells:

 Spells                   Type           Power      Damage    Failure   Level
 Call Imp                 Summ           5%         N/A       24%         2
 Slow                     Hex            2%         N/A       34%         2


Dungeon Overview and Level Annotations

Branches:
Dungeon (2/15)

Altars:

Annotations:
D:2 Natasha


Innate Abilities, Weirdness & Mutations

Your serpentine skin is tough. (AC +1)
You have supernaturally acute eyesight. (SInv)
Armour fits poorly on your strangely shaped body.
Your system is resistant to poisons. (rPois)
You cover ground very slowly.
You can spit poison.
You have a snake-like lower body.


Message History

Natasha barely misses you. Natasha claws you.
Your magical contamination has completely faded away.
You see here a quokka corpse.
Press: ? - help, Shift-Dir - straight line, f - Natasha
Aim: Natasha The splash of poison hits Natasha!
Natasha is poisoned.
Natasha is heavily wounded.
Natasha stares at you and mumbles some strange words.
You feel as though you will be slow longer.
Natasha claws you.
Casting: Magic Dart (safe; 12% risk of failure)
Confirm with . or Enter, or press ? or * to list all spells.
Aiming: Magic Dart (safe; 12% risk of failure)
Press: ? - help, Shift-Dir - straight line, f/p - Natasha
Aim: Natasha (severely wounded, poisoned, 100% to hit)
The magic dart hits Natasha.
Natasha is severely wounded.
Natasha claws you!
Casting: Magic Dart (safe; 12% risk of failure)
Confirm with . or Enter, or press ? or * to list all spells.
Aiming: Magic Dart (safe; 12% risk of failure)
Press: ? - help, Shift-Dir - straight line, f/p - Natasha
Aim: Natasha (almost dead, poisoned, 100% to hit)
You miscast Magic Dart.
You are very lightly contaminated with residual magic.
Nothing appears to happen.
Natasha stares at you and mumbles some strange words.
The magic dart hits you!
* * * LOW HITPOINT WARNING * * *
Natasha closely misses you.
Casting: Magic Dart (safe; 12% risk of failure)
Confirm with . or Enter, or press ? or * to list all spells.
Aiming: Magic Dart (safe; 12% risk of failure)
Press: ? - help, Shift-Dir - straight line, f/p - Natasha
Aim: Natasha (almost dead, poisoned, 100% to hit)
The magic dart hits Natasha but does no damage.
Natasha is almost dead.
Natasha casts a spell at you. The magic dart hits you!
You die...

.# #.#..#.#
#...................
.####.#..#.#
#..............#####
....#.####.###+#'#..........#
# ###.#.# #.#................#
# #.#.# #.#................# #
#.#.# #.#................## ##
###.#.####)#...#'#...........#
#.
....#........###.#...........#
#. ....#........#
#@########....# #.
....#........# #h# #....###.
....#.####'#.# #.. #......'.
....#.# #.#.# ##.. ########.
....#.# #.#.# ... +. ....#.#
#.#.# ...# #. ....#.# #....
...# ## ###.#(# ###.# ...#
....#.#


You could see Natasha (poisoned).

Vanquished Creatures
  An adder (D:2)
  A worm (D:2)
  2 dart slugs
  3 endoplasms
  A giant cockroach (D:2)
  2 goblins
  A hobgoblin (D:2)
  2 quokkas
  A ball python (D:1)
  3 bats (D:1)
  2 frilled lizards (D:1)
  A kobold (D:1)
  2 rats
22 creatures vanquished.

Notes
Turn   | Place    | Note
-------+----------+-------------------------------------------
     0 | D:1      | zazu2006 the Naga Hedge Wizard began the quest for the Orb.
     0 | D:1      | Reached XP level 1. HP: 15/15 MP: 4/4
   324 | D:1      | Reached XP level 2. HP: 22/22 MP: 4/6
  1291 | D:2      | Reached XP level 3. HP: 23/28 MP: 0/8
  1295 | D:2      | Learned a level 3 spell: Mephitic Cloud
  1299 | D:2      | Learned a level 3 spell: Conjure Flame
  1302 | D:2      | Learned a level 2 spell: Blink
  1813 | D:2      | Noticed Natasha
  1823 | D:2      | Killed from afar by Natasha

Illustrated notes

Levels and vault maps discovered:
D:1:      heliophobic_arrival_dark_side_of_the_moon, layout_rooms,
          chequers_serial_rivers_small_b
D:2:      layout_basic, grunt_ministairs_9, uniq_natasha

Action                   || total
-------------------------++-------
Melee: Dagger            ||     9
 Cast: Magic Dart        ||    62
 Abil: Spit Poison       ||    10
Armor: Robe              ||     1
Dodge: Dodged            ||    13

Table legend: (Time is in decaauts)
 A = Elapsed time spent in this place.
 B = Non-inter-level travel time spent in this place.
 C = Inter-level travel time spent in this place.
 D = Time resting spent in this place.
 E = Time spent auto-exploring this place.
 F = Levels seen in this place.
 G = Mean time per level.
                   A        B        C        D        E       F      G
               +--------+--------+--------+--------+--------+-----+--------+
         Total |   2257 |   2207 |     50 |      5 |   2022 |   2 | 1128.5 |
       Dungeon |   2257 |   2207 |     50 |      5 |   2022 |   2 | 1128.5 |
               +--------+--------+--------+--------+--------+-----+--------+

Top non-repeatable levels by time:
     D:2: 1237 daAuts
     D:1: 1019 daAuts
